 Dungeon Crawl Stone Soup version 0.17-a0-1887-g3e50df6 (webtiles) character file.

77567 ololoev the Bludgeoner (level 15, 0/139 HPs)
             Began as a Minotaur Berserker on Sept 22, 2015.
             Was an Elder of Trog.
             Slain by a demonic crawler (11 damage)
             ... on level 2 of the Spider Nest on Sept 23, 2015.
             The game lasted 01:21:15 (9077 turns).

ololoev the Bludgeoner (Minotaur Berserker)         Turns: 9077, Time: 01:21:16

Health: 0/139      AC: 14    Str: 32    XL:     15   Next: 15%
Magic:  22/22      EV: 13    Int: 10    God:    Trog [****..]
Gold:   52         SH:  0    Dex: 10    Spells: 0 memorised, 14 levels left

rFire  . . .     SeeInvis +     a - +6 dire flail (crush)
rCold  + . .     Clarity  +     B - troll hide
rNeg   + + +     SustAt   .     (no shield)
rPois  +         Gourm    .     (helmet restricted)
rElec  .         Spirit   .     e - +2 cloak
rCorr  .         Warding  .     (no gloves)
rMut   .         Stasis   .     S - +2 pair of boots {Fly}
MR     +....                    l - amulet "Xibazoz" {Clar rC+ Str+9 Int+3 Dex-5}
Stlth  +.........               k - +4 ring of protection
                                J - ring of Zefesyck {rPois rN+++ Int+3 Slay-5 SInv}

@: lethally poisoned (0 -> 0), exhausted, flying, slowed, very slow, somewhat
resistant to hostile enchantments, very unstealthy
A: retaliatory headbutt, horns 2, spit poison 1, evolution 1
a: Spit Poison, Burn Spellbooks, Berserk, Trog's Hand, Brothers in Arms,
Renounce Religion, Stop Flying


Innate Abilities, Weirdness & Mutations

You reflexively headbutt those who attack you in melee.
You have a pair of horns on your head.
You can spit weak poison.
You evolve.

Inventory:

Hand weapons
 a - a +6 dire flail of crushing (weapon)
Armour
 e - a +2 cloak (worn)
 t - a +4 chain mail of fire resistance
 B - a troll hide (worn)
 S - a +2 pair of boots of flying (worn)
Jewellery
 k - a +4 ring of protection (right hand)
 l - the amulet "Xibazoz" (around neck) {Clar rC+ Str+9 Int+3 Dex-5}
   (You found it on level 6 of the Dungeon)

   [amulet of clarity]

   It provides mental clarity.
   It affects your strength (+9).
   It affects your intelligence (+3).
   It affects your dexterity (-5).
   It protects you from cold.
 E - an uncursed ring of teleportation
 J - the ring of Zefesyck (left hand) {rPois rN+++ Int+3 Slay-5 SInv}
   (You found it on level 2 of the Shoals)

   [ring of intelligence]

   It affects your intelligence (+3).
   It affects your accuracy and damage with ranged weapons and melee attacks
   (-5).
   It protects you from poison.
   It renders you almost immune to negative energy.
   It lets you see invisible.
Magical devices
 o - a wand of heal wounds (0)
 r - a wand of cold (6)
 K - a wand of paralysis (14)
Scrolls
 b - a scroll of blinking {unknown}
 f - 3 scrolls of teleportation
 g - a scroll of vulnerability
 h - 4 scrolls of enchant armour
 i - 3 scrolls of immolation
 n - 2 scrolls of fear
 s - a scroll of holy word {unknown}
 v - a scroll of silence
 A - 5 scrolls of magic mapping
 D - a scroll of brand weapon {unknown}
 F - a scroll of recharging
 N - 4 scrolls of remove curse
Potions
 j - a potion of ambrosia {unknown}
 m - 2 potions of brilliance
 p - 4 potions of curing
 q - a potion of magic
 C - 4 potions of resistance
 G - a potion of might {unknown}
 I - a potion of heal wounds
 O - a potion of cure mutation
 P - 2 potions of poison {unknown}
 R - 2 potions of agility {unknown}
Miscellaneous
 w - a disc of storms
 y - a stone of tremors
Comestibles
 c - 9 bread rations
 u - 14 fruits
 x - 8 slices of pizza
 z - 4 meat rations
 H - 3 beef jerkies
 L - a chunk of flesh


   Skills:
 + Level 14.3 Fighting
 * Level 19.4 Maces & Flails
 + Level 14.3 Armour
 - Level 4.1 Dodging
 + Level 10.9 Evocations


You had 14 spell levels left.
You didn't know any spells.


You were on level 2 of the Spider Nest.
You worshipped Trog.
Trog was greatly pleased with you.
You were not hungry.

You visited 5 branches of the dungeon, and saw 28 of its levels.

You collected 1727 gold pieces.
You spent 1675 gold pieces at shops.

.......≈# .
.......## ..
....... ...
.....### ....
....≈≈### .....
..#≈.≈≈#
......##≈#...#≈#
......†@......###
.......ss<......#
........††.....≈≈
....?............
....>............
.................
$.....>......[...
.......^.........
...............

Notes
Turn   | Place    | Note
--------------------------------------------------------------
     0 | D:1      | ololoev the Minotaur Berserker began the quest for the Orb.
     0 | D:1      | Reached XP level 1. HP: 19/19 MP: 0/0
    88 | D:1      | Reached XP level 2. HP: 13/27 MP: 1/1
    88 | D:1      | Reached skill level 4 in Maces & Flails
   114 | D:3      | Noticed Ijyb
   123 | D:3      | Killed Ijyb
   123 | D:3      | Reached XP level 3. HP: 19/33 MP: 2/2
   136 | D:3      | Found a white marble altar of Elyvilon.
   136 | D:3      | Found a runed door.
   136 | D:3      | Noticed an angel
   213 | D:4      | Noticed an ogre
   220 | D:4      | Killed an ogre
   220 | D:4      | Reached skill level 5 in Maces & Flails
   220 | D:4      | Reached XP level 4. HP: 32/41 MP: 3/3
   220 | D:4      | Reached XP level 5. HP: 36/47 MP: 4/4
   252 | D:4      | Found a shimmering altar of Xom.
   311 | D:5      | Entered Level 5 of the Dungeon
   318 | D:4      | Acquired Trog's second power
   318 | D:4      | Reached XP level 6. HP: 22/55 MP: 5/5
   395 | D:5      | Reached skill level 6 in Maces & Flails
   395 | D:5      | Reached skill level 1 in Evocations
   397 | D:5      | Noticed a centaur
   398 | D:5      | Reached skill level 5 in Fighting
   400 | D:5      | Killed a centaur
   450 | D:5      | Reached XP level 7. HP: 15/61 MP: 7/7
   599 | D:5      | Reached skill level 7 in Maces & Flails
   646 | D:6      | Got a glittering platinum amulet
   647 | D:6      | Identified the amulet "Xibazoz" {Clar rC+ Str+9 Int+3 Dex-5} (You found it on level 6 of the Dungeon)
   868 | D:7      | Noticed barthelm's ghost (experienced GrBe)
   894 | D:7      | Killed barthelm's ghost
   894 | D:7      | Reached skill level 8 in Maces & Flails
   894 | D:7      | Reached skill level 5 in Armour
   894 | D:7      | Reached XP level 8. HP: 19/71 MP: 7/9
   997 | D:7      | Reached skill level 9 in Maces & Flails
  1223 | D:7      | Found a white marble altar of Elyvilon.
  1227 | D:7      | Found a radiant altar of Vehumet.
  1247 | D:8      | Found Vatail's Gadget Boutique.
  1275 | D:8      | Reached XP level 9. HP: 79/79 MP: 10/10
  1306 | D:8      | Reached skill level 10 in Maces & Flails
  1478 | D:10     | Entered Level 10 of the Dungeon
  1674 | D:10     | Noticed Nergalle
  1683 | D:10     | Killed Nergalle
  1683 | D:10     | Reached skill level 11 in Maces & Flails
  1709 | D:10     | Upgraded the game from 0.17-a0-1882-g750edc8 to 0.17-a0-1887-g3e50df6
  1817 | D:10     | Reached skill level 5 in Evocations
  1940 | D:10     | Reached XP level 10. HP: 71/88 MP: 12/12
  1964 | D:10     | Noticed a two-headed hydra
  1971 | D:10     | Killed a two-headed hydra
  2196 | D:9      | Reached skill level 12 in Maces & Flails
  2200 | D:9      | Noticed crauler's ghost (experienced TeGl)
  2207 | D:9      | Killed crauler's ghost
  2228 | D:9      | Found a stormy altar of Qazlal.
  2229 | D:9      | Found a basalt altar of Yredelemnul.
  2371 | D:9      | Gained mutation: You can spit weak poison. [mutagenic meat]
  2372 | D:9      | Gained mutation: You expend magic power (3 MP) to strengthen your wands. [mutagenic meat]
  2373 | D:9      | Gained mutation: You evolve. [mutagenic meat]
  2374 | D:9      | Gained mutation: Your spells are a little harder to cast, but a little more powerful. [mutagenic meat]
  2457 | D:10     | Noticed a hill giant
  2461 | D:10     | Killed a hill giant
  2461 | D:10     | Acquired Trog's third power
  2718 | D:11     | Found a staircase to the Orcish Mines.
  2899 | D:12     | Reached skill level 13 in Maces & Flails
  2929 | D:12     | Reached XP level 11. HP: 67/97 MP: 14/14
  3064 | D:12     | Noticed a skeletal warrior
  3067 | D:12     | Noticed a skeletal warrior
  3071 | D:12     | Noticed a skeletal warrior
  3074 | D:12     | Noticed a skeletal warrior
  3078 | D:12     | Killed a skeletal warrior
  3231 | Orc:1    | Entered Level 1 of the Orcish Mines
  3339 | Orc:2    | Found Uzoybb's Armour Boutique.
  3410 | Orc:2    | Bought a +2 cloak for 231 gold pieces
  3494 | Orc:3    | Noticed Donald
  3510 | Orc:3    | Killed Donald
  3510 | Orc:3    | Received a gift from Trog
  3510 | Orc:3    | Reached skill level 10 in Fighting
  3705 | Orc:4    | Entered Level 4 of the Orcish Mines
  3714 | Orc:4    | Received a gift from Trog
  3776 | Orc:4    | Reached skill level 14 in Maces & Flails
  3776 | Orc:4    | Reached skill level 10 in Armour
  3947 | Orc:4    | Noticed an orc warlord
  3955 | Orc:4    | Killed an orc warlord
  3959 | Orc:4    | Found a roughly hewn altar of Beogh.
  3995 | Orc:4    | Found Teokorgh's Magic Scroll Shop.
  3995 | Orc:4    | Noticed an orc high priest
  3996 | Orc:4    | Noticed an orc high priest
  4013 | Orc:4    | Killed an orc high priest
  4019 | Orc:4    | Killed an orc high priest
  4019 | Orc:4    | Reached XP level 12. HP: 78/108 MP: 16/16
  4037 | Orc:4    | Bought 3 scrolls of magic mapping for 189 gold pieces
  4037 | Orc:4    | Bought a scroll of remove curse for 54 gold pieces
  4037 | Orc:4    | Bought a scroll of enchant armour for 135 gold pieces
  4037 | Orc:4    | Bought a scroll of identify for 36 gold pieces
  4058 | Orc:4    | Noticed an orc high priest
  4060 | Orc:4    | Found Teshruru's Gadget Boutique.
  4074 | Orc:4    | Killed an orc high priest
  4083 | Orc:4    | Received a gift from Trog
  4147 | Orc:4    | Noticed an orc high priest
  4153 | Orc:4    | Noticed an orc high priest
  4158 | Orc:4    | Killed an orc high priest
  4158 | Orc:4    | Reached skill level 15 in Maces & Flails
  4161 | Orc:4    | Killed an orc high priest
  4544 | Orc:4    | Found Uqa Jyng's Food Boutique.
  4556 | Orc:4    | Found a roughly hewn altar of Beogh.
  4727 | Orc:4    | Bought a wand of heal wounds (3) for 462 gold pieces
  4813 | Orc:3    | Found a staircase to the Elven Halls.
  4814 | Orc:3    | Found Jiracs's Antique Weapon Emporium.
  4840 | Orc:3    | Bought a glowing morningstar for 124 gold pieces
  4922 | D:11     | Noticed a cyclops
  4931 | D:11     | Killed a cyclops
  5406 | D:8      | Found a staircase to the Lair.
  5406 | D:8      | Noticed a fire drake
  5413 | D:8      | Killed a fire drake
  5422 | Lair:1   | Entered Level 1 of the Lair of Beasts
  5471 | Lair:1   | Reached skill level 16 in Maces & Flails
  5621 | Lair:2   | Lost mutation: Your spells are a little harder to cast, but a little more powerful. [evolution]
  5635 | Lair:2   | Noticed a five-headed hydra
  5641 | Lair:2   | Killed a five-headed hydra
  5683 | Lair:3   | Found a staircase to the Shoals.
  5689 | Lair:3   | Reached XP level 13. HP: 118/118 MP: 18/18
  5802 | Lair:3   | Received a gift from Trog
  5907 | Lair:3   | Noticed Maud
  5925 | Lair:3   | Killed Maud
  5998 | Lair:3   | Noticed a seven-headed hydra
  6001 | Lair:3   | Noticed a four-headed hydra
  6010 | Lair:3   | Killed a four-headed hydra
  6016 | Lair:3   | Killed a seven-headed hydra
  6017 | Lair:3   | Reached skill level 17 in Maces & Flails
  6687 | Lair:5   | Noticed Josephine
  6693 | Lair:5   | Killed Josephine
  6777 | Lair:5   | Found a hole to the Spider Nest.
  6866 | Lair:6   | Received a gift from Trog
  7052 | Lair:6   | Lost mutation: You expend magic power (3 MP) to strengthen your wands. [evolution]
  7133 | Lair:7   | Found a deep blue altar of Sif Muna.
  7217 | Lair:7   | Reached XP level 14. HP: 78/129 MP: 20/20
  7229 | Lair:7   | Reached skill level 10 in Evocations
  7392 | Lair:7   | Reached skill level 18 in Maces & Flails
  7677 | Lair:8   | Entered Level 8 of the Lair of Beasts
  7706 | Lair:8   | Received a gift from Trog
  7780 | Lair:8   | Got a pitted large shield
  7787 | Lair:8   | Identified the +4 large shield of Lilo {Int+7 Dex-5} (You found it on level 8 of the Lair of Beasts)
  7836 | Lair:8   | Found a staircase to the Slime Pits.
  7836 | Lair:8   | Found a viscous altar of Jiyva.
  8030 | Lair:8   | Identified the Catalogue of Confrontation and Feathers
  8288 | Shoals:1 | Entered Level 1 of the Shoals
  8380 | Shoals:1 | Reached skill level 19 in Maces & Flails
  8408 | Shoals:1 | Found Plog's Magic Scroll Emporium.
  8434 | Shoals:1 | Bought a scroll of vulnerability for 90 gold pieces
  8434 | Shoals:1 | Bought 2 scrolls of fear for 84 gold pieces
  8434 | Shoals:1 | Bought a scroll of remove curse for 36 gold pieces
  8434 | Shoals:1 | Bought a scroll of magic mapping for 42 gold pieces
  8434 | Shoals:1 | Bought a scroll of teleportation for 36 gold pieces
  8434 | Shoals:1 | Bought a scroll of immolation for 42 gold pieces
  8434 | Shoals:1 | Bought a scroll of remove curse for 36 gold pieces
  8434 | Shoals:1 | Bought a scroll of remove curse for 36 gold pieces
  8434 | Shoals:1 | Bought a scroll of immolation for 42 gold pieces
  8571 | Shoals:2 | Got a transparent bronze ring
  8573 | Shoals:2 | Identified the ring of Zefesyck {rPois rN+++ Int+3 Slay-5 SInv} (You found it on level 2 of the Shoals)
  8753 | Spider:1 | Entered Level 1 of the Spider Nest
  8773 | Spider:1 | Reached XP level 15. HP: 57/138 MP: 22/22
  8885 | Spider:1 | Noticed an emperor scorpion
  8897 | Spider:1 | Killed an emperor scorpion
  9073 | Spider:2 | HP: 6/139 [demonic crawler (10)]
  9074 | Spider:2 | HP: 1/139 [demonic crawler (3)]
  9077 | Spider:2 | Slain by a demonic crawler

Dungeon Overview and Level Annotations

Branches:
Dungeon (12/15)              Lair (8/8) D:8          Shoals (2/4) Lair:3
 Spider (2/4) Lair:5        Slime (0/6) Lair:8          Orc (4/4) D:11
    Elf (0/3) Orc:3
 Temple: D:4-7

Altars:
Elyvilon
Qazlal
Sif Muna
Vehumet
Xom
Yredelemnul
Beogh
Jiyva

Shops:
D:8 }   Orc:2 [   Orc:3 (   Orc:4 ?}%   Shoals:1 ?

Annotations:
D:3 1 runed door
Lair:7 exclusion: oklob plant


Message History

The demonic crawler hits you but does no damage.
You finish putting on your troll hide.
Unknown command.
Read which item? (? for menu, Esc to quit)
Okay, then.
Evoke which item? (* to show all) (? for menu, Esc to quit)
Zapping:
o - a wand of heal wounds (2)
Press: ? - help, Shift-Dir - straight line, f - you You feel much better.
This wand has 1 charge left.
The demonic crawler barely misses you. The demonic crawler hits you!
The demonic crawler hits you. The demonic crawler closely misses you.
You furiously retaliate!
You headbutt the demonic crawler, but do no damage.
The demonic crawler hits you. x2
Unknown command.
Evoke which item? (* to show all) (? for menu, Esc to quit)
Zapping:
o - a wand of heal wounds (1)
Press: ? - help, Shift-Dir - straight line, f - you You feel much better.
This wand has 0 charges left.
You feel sick. The demonic crawler misses you.
The demonic crawler hits you but does no damage.
The demonic crawler closely misses you. The demonic crawler hits you.
The demonic crawler barely misses you. The demonic crawler hits you!
The demonic crawler hits you but does no damage. x2
The demonic crawler barely misses you. The demonic crawler hits you.
The demonic crawler closely misses you. The demonic crawler hits you.
Unknown command.
Unknown command.
Read which item? (? for menu, Esc to quit)
As you read the scroll labeled EGREGY SIGUNU, it crumbles to dust.
It is a scroll of enchant weapon.
Enchant which weapon? (? for menu, Esc to quit)
Your +5 dire flail of crushing glows red for a moment.
You feel sick. The demonic crawler hits you.
The demonic crawler closely misses you.
The demonic crawler hits you but does no damage.
The demonic crawler hits you! The demonic crawler misses you.
The demonic crawler closely misses you. x2
The demonic crawler hits you. The demonic crawler hits you!
You die...

You could see 2 demonic crawlers.

Vanquished Creatures
  Donald (Orc:3)
  Maud (Lair:3)
  An emperor scorpion (Spider:1)
  A merfolk javelineer (Shoals:1)
  2 merfolk impalers (Shoals:1)
  Josephine (Lair:5)
  8 hydras
  2 entropy weavers
  A merfolk avatar (Shoals:1)
  A merfolk aquamancer (Shoals:1)
  A catoblepas (Lair:8)
  9 death yaks
  5 orc high priests (Orc:4)
  A deep troll shaman (Lair:8)
  Nergalle (D:10)
  A skeletal warrior (D:12)
  2 sea snakes
  The ghost of barthelm the Covered, an experienced GrBe of Trog (D:7)
  A hill giant (D:10)
  An unseen horror (D:10)
  An orb spider (Spider:1)
  2 orc knights (Orc:4)
  3 manticores
  A wolf spider (Spider:2)
  A cyclops (D:11)
  A griffon (Lair:3)
  6 black mambas
  The ghost of crauler the Poker, an experienced TeGl (D:9)
  A siren (Shoals:1)
  12 elephants
  A torpor snail (Lair:7)
  8 komodo dragons
  2 centaur skeletons (D:12)
  6 spiny frogs
  4 fire drakes
  3 trolls
  A polar bear (Lair:8)
  4 jumping spiders
  4 merfolk (Shoals:1)
  5 two-headed ogres (Orc:4)
  3 slime creatures (D:12)
  2 snapping turtles (Shoals:1)
  3 wraiths (Lair:5)
  19 blink frogs
  10 redbacks
  3 deep elf magi
  3 water elementals (Shoals:1)
  3 tarantellas (Spider:1)
  3 wyverns
  40 yaks
  A basilisk (Lair:3)
  A hungry ghost (D:7)
  3 hippogriffs
  A mottled dragon (D:8)
  7 water moccasins
  21 wolves
  14 ogres
  5 porcupines
  An eye of draining (D:11)
  An ice beast (D:6)
  A sky beast (D:9)
  A black bear (Lair:8)
  34 orc warriors
  2 centaurs
  A wasp (Spider:1)
  5 giant frogs
  16 crocodiles
  2 gnoll sergeants
  6 big kobolds
  A wyvern zombie (D:12)
  3 scorpions
  11 killer bees
  7 wights
  3 jellies
  2 crimson imps
  A centaur zombie (D:7)
  19 orc priests
  Ijyb (D:3)
  A giant frog skeleton (D:7)
  A hound (D:7)
  14 orc wizards
  2 iguanas
  A quasit (D:12)
  15 sheep
  6 hell rats (Lair:6)
  9 worker ants
  A hound skeleton (D:5)
  2 worker ant zombies
  11 gnolls
  2 adders
  27 river rats
  3 shadow imps
  An ooze (D:4)
  2 adder skeletons
  191 orcs
  3 goblins
  2 hobgoblins (D:3)
  7 jackals
  16 kobolds
  A ball python (D:6)
  A giant gecko skeleton (D:4)
  A giant gecko zombie (D:5)
  4 quokkas
  A rat (D:1)
  A butterfly (D:7)
  A fungus (Lair:3)
696 creatures vanquished.

Vanquished Creatures (collateral kills)
  An orc warlord (Orc:4)
  A death yak (Lair:7)
  3 elephants
  A blink frog (Lair:8)
  A polar bear (Lair:7)
  A merfolk (Shoals:1)
  A hippogriff (Lair:7)
  2 yaks (Lair:7)
  3 orc warriors (Orc:4)
  An orc priest (Orc:4)
  A sheep (Lair:7)
  15 orcs
31 creatures vanquished.

Vanquished Creatures (others)
  3 fungi
  8 plants
11 creatures vanquished.

Grand Total: 738 creatures vanquished

Action                   |  1- 3 |  4- 6 |  7- 9 | 10-12 | 13-15 || total
-------------------------+-------+-------+-------+-------+-------++-------
Melee: Mace              |    24 |    27 |   144 |       |       ||   195
       Morningstar       |       |       |    64 |   148 |       ||   212
       Dire flail        |       |       |       |   592 |   695 ||  1287
Invok: Berserk           |     2 |     2 |     9 |    15 |    11 ||    39
       Trog's Hand       |       |     1 |     7 |    21 |    18 ||    47
       Brothers in Arms  |       |       |       |     6 |     9 ||    15
       Burn Spellbooks   |       |       |       |     1 |     2 ||     3
 Abil: Evoke Teleportati |       |       |       |     4 |       ||     4
       Spit Poison       |       |       |       |       |     1 ||     1
Evoke: Wand              |       |       |     4 |     4 |    11 ||    19
       Stone of tremors  |       |       |       |     2 |     2 ||     4
  Use: Potion            |       |       |     1 |     3 |     1 ||     5
       Scroll            |       |       |       |     9 |    14 ||    23
 Stab: Paralysed         |       |       |       |       |     1 ||     1
  Eat: Chunk             |       |     3 |    12 |    31 |    24 ||    70
       Meat ration       |       |       |     1 |       |       ||     1
       Beef jerky        |       |       |       |     1 |       ||     1
       Fruit             |       |       |       |     5 |     6 ||    11

Vault maps used:
D:1:      dpeg_arrival_three_bigger_balls
D:2:      gammafunk_temple_overflow_forgotten, first_bread, uniq_robin
D:3:      portal_sewer_entry_b, lemuel_angel_altar, uniq_iyjb
D:4:      xom_teletrap_fun
D:7:      minitemple, minmay_temple_entry_butterflies
D:8:      minmay_lair_entry_lava, serial_shops, shop, minivault_25, uniq_maurice
D:9:      gammafunk_temple_overflow_pools
D:10:     nicolae_trove_entry_columns, hangedman_ranch, uniq_nergalle
D:11:     orc_0_dummy, water_maze_lemuel
D:12:     uniq_urug
Lair:1:   beast_lair_carwin_2, serial_bayou_shore_b, serial_bayou_shore_b
Lair:2:   uniq_fannar
Lair:3:   minmay_shoals_entry_beasts, beast_lair_carwin_9, grunt_megastairs_2,
          lemuel_fruit_tree, uniq_maud
Lair:5:   spider_nest_entry_web_field, uniq_josephine
Lair:6:   serial_forest, infiniplex_forest_lined_corner,
          infiniplex_forest_end_3, infiniplex_forest_lined_room_2,
          infiniplex_forest_side_room, infiniplex_forest_end_2,
          infiniplex_forest_straight_4, infiniplex_forest_end_3
Lair:7:   lemuel_oklob_altar
Lair:8:   grunt_lair_end_beastmaster, slime_altar_1
Shoals:1: serial_shops, nicolae_shop_crystal
Shoals:2: serial_shops, nicolae_shop_stone, st_sunken_temple
Spider:1: spider_trap
Orc:2:    serial_shops, shop, mines3_lemuel
Orc:3:    serial_shops, nicolae_shop_stone, nicolae_orc_pool_cavern, uniq_donald
Orc:4:    pubby_orc_utopia
